 Dungeon Crawl Stone Soup version 0.30.1-11-g7821555f0a (webtiles) character file.

Game seed: 508805577137546985

205 ChrisAssaf the Magician (level 5, -1/55 HPs)
             Began as a Djinni Fire Elementalist on Dec 20, 2023.
             Was a Believer of Ru.
             Slain by an ufetubus (2 damage)
             ... on level 6 of the Dungeon.
             The game lasted 00:10:23 (3506 turns).

ChrisAssaf the Magician (Djinni Fire Elementalist)  Turns: 3506, Time: 00:10:23

Health: -1/55      AC: 22    Str:  7    XL:     5   Next: 9%
Gold:   202        EV:  2    Int: 18    God:    Ru [**....] SH:  0 Dex: 14

rFire   . . .        g - +3 whip (elec)
rCold   . . .        (no shield)
rNeg    . . .        a - melded +0 robe
rPois   ∞            (helmet currently unavailable)
rElec   .            (cloak currently unavailable)
rCorr   .            (gloves currently unavailable)
SInv    .            (boots unavailable)
Will    .....        d - amulet of faith
Stlth   ++           (no ring)
HPRegen 0.29/turn    (no ring)
MPRegen 0.00/turn

%: faith, infuse magic (-2 HP)
@: tree-form (expiring), very slow
A: stationary, stasis, torment immunity, boosted hp, sickness immunity, (fire
resistance 2), (cold vulnerability 1), inexperienced 1, float, innate caster, HP
casting, extra vitality 1
a: Renounce Religion


You were on level 6 of the Dungeon.
You worshipped Ru.
Ru was pleased with you.
You were a tree.
You visited 1 branch of the dungeon, and saw 4 of its levels.

You collected 202 gold pieces.

Inventory:

Hand Weapons
 g - a +3 whip of electrocution (weapon)
Missiles
 i - 6 boomerangs
Armour
 a - a +0 robe (melded)
Jewellery
 d - an amulet of faith (around neck)
Scrolls
 f - 2 scrolls of magic mapping
 h - 3 scrolls of teleportation
Potions
 b - 2 potions of flight
 e - 2 potions of degeneration


   Skills:
 * Level 1.4 Fighting
 * Level 0.9 Short Blades
 * Level 0.7 Maces & Flails
 * Level 1.1 Armour
 * Level 2.9 Dodging
 * Level 2.1 Stealth
 * Level 3.7 Spellcasting
 * Level 0.6 Invocations


You knew the following spells:

 Your Spells              Type           Power      Damage    Failure   Level
a - Foxfire               Conj/Fire      64%        2x1d7     3%          1
b - Scorch                Fire           32%        2d6       4%          2
c - Volatile Blastmotes   Fire/Tloc      32%        2d12      10%         3
d - Inner Flame           Hex/Fire       16%        N/A       10%         3
e - Flame Wave            Conj/Fire      16%        2d7       32%         4
f - Sandblast             Erth           32%        2d9       3%          1
g - Momentum Strike       Conj/Tloc      32%        3d8       4%          2
Your spell library was empty.

Dungeon Overview and Level Annotations

Branches:
Dungeon (3/15)

Altars:
Elyvilon
Ru

Shops:
D:3 :   D:6 (


Innate Abilities, Weirdness & Mutations

You are a tree.
Your roots penetrate the ground, keeping you stationary.
You cannot be teleported.
You are immune to unholy pain and torment.
Your maximum health is greatly increased.
Your equipment is partially melded.
You are immune to sickness and miasma.
You are immune to poison.
((Your flesh is very heat resistant. (rF++)))
((You are vulnerable to cold. (rC-)))
You are somewhat inexperienced. (-1 XL)
You float through the air rather than walking.
You learn spells naturally, not from books.
Your magical power is your life essence.
You have superior vitality. (+4 MHP)


Message History

You closely miss the water moccasin.
The water moccasin is severely wounded.
The ufetubus barely misses you.
The ufetubus hits you but does no damage.
The water moccasin bites you but does no damage.
The ufetubus hits you but does no damage. x2
The water moccasin bites you but does no damage.
You hit the water moccasin.
The water moccasin is almost dead.
The ufetubus hits you but does no damage. x2
The water moccasin is stunned by your conviction and fails to attack.
You barely miss the water moccasin.
The water moccasin is almost dead.
Your transformation is almost over.
The water moccasin is stunned by your conviction and fails to attack.
The ufetubus hits you but does no damage. x2
The water moccasin bites you but does no damage.
The ufetubus hits you but does no damage. x2
You completely miss the water moccasin.
The water moccasin is almost dead.
The water moccasin bites you but does no damage.
The ufetubus hits you but does no damage. x2
The water moccasin bites you but does no damage.
You completely miss the water moccasin.
The water moccasin is almost dead.
The ufetubus hits you but does no damage. x2
The water moccasin bites you but does no damage.
The ufetubus hits you but does no damage. x2
Unknown command.
You hit the water moccasin.
The water moccasin is almost dead.
The water moccasin bites you but does no damage.
The ufetubus hits you but does no damage. x2
The water moccasin bites you.
* * * LOW HITPOINT WARNING * * *
Unknown command.
You closely miss the water moccasin.
The water moccasin is almost dead.
The ufetubus hits you.
You die...

......# ......#
......# ......+ #
......# .#
....D.######.#
........D>...#
.########''########
.# ~~~~~~..~~~DS♣~#
.# ...........l5.~#
.# .#..#....#..#.~#
.# ..............~#
.# ..............~#
.# .#..#....#..#.~#
## ..............~#
......$.......~#
......$(......~#


You could see a steam dragon, a water moccasin, an iguana and an ufetubus.

Vanquished Creatures
  A water moccasin (D:6)
  A jelly (D:2)
  3 adders
  2 worms
  3 dart slugs
  2 ball pythons (D:2)
  4 endoplasms
  A giant cockroach (D:2)
  6 goblins
  5 hobgoblins
  3 jackals (D:2)
  7 kobolds
  A quokka (D:3)
  7 bats
  A frilled lizard (D:1)
  4 rats
51 creatures vanquished.

Vanquished Creatures (others)
  A jelly (D:6)
  21 foxfires
22 creatures vanquished.

Grand Total: 73 creatures vanquished

Notes
Turn   | Place    | Note
-------+----------+-------------------------------------------
     0 | D:1      | ChrisAssaf the Djinni Fire Elementalist began the quest for
                  | the Orb.
     0 | D:1      | ChrisAssaf set off with the following spells memorised:
                  | Foxfire, Scorch, Volatile Blastmotes, Inner Flame, Flame
                  | Wave.
     0 | D:1      | Reached XP level 1. HP: 15/15 MP: 0/0
   214 | D:1      | Reached XP level 2. HP: 8/21 MP: 0/0
   507 | D:2      | Reached skill level 3 in Spellcasting
   507 | D:2      | Reached XP level 3. HP: 21/25 MP: 0/0
   507 | D:2      | Learned a level 1 spell: Sandblast
   586 | D:3      | Found Kihot's Book Emporium.
   590 | D:3      | Found a faded altar of an unknown god.
   610 | D:3      | Prayed at the altar of an unknown god.
   610 | D:3      | Became a worshipper of Elyvilon the Healer
   610 | D:3      | Reached * piety under Elyvilon
   642 | D:3      | Found a sacrificial altar of Ru.
   650 | D:3      | Fell from the grace of Elyvilon
   650 | D:3      | Became a worshipper of Ru the Awakened
   678 | D:3      | Reached skill level 1 in Fighting
   934 | D:3      | Reached XP level 4. HP: 27/32 MP: 0/0
  1815 | D:2      | Reached XP level 5. HP: 34/37 MP: 0/0
  1815 | D:2      | Learned a level 2 spell: Momentum Strike
  1964 | D:2      | Gained mutation: You are somewhat inexperienced. (-1 XL)
                  | [Ru sacrifice]
  1964 | D:2      | Reached XP level 4. HP: 32/32 MP: 0/0
  1964 | D:2      | Reached * piety under Ru
  1964 | D:2      | Reached ** piety under Ru
  3342 | D:3      | You are sucked into a shaft and drop 3 floors!
  3364 | D:6      | Noticed an ice beast
  3369 | D:6      | Noticed a steam dragon
  3373 | D:6      | Found Hisuletz's Weapon Shop.
  3478 | D:6      | Noticed a water moccasin
  3481 | D:6      | Noticed a water moccasin
  3494 | D:6      | Killed a water moccasin
  3495 | D:6      | Reached skill level 1 in Armour
  3495 | D:6      | Reached XP level 5. HP: 14/37 MP: 0/0
  3498 | D:6      | HP: 2/55 [water moccasin (5)]
  3505 | D:6      | HP: 1/55 [water moccasin (3)]
  3506 | D:6      | Slain by an ufetubus

Illustrated notes

Levels and vault maps discovered:
D:1:      lightli_arrival_quake, layout_basic
D:2:      layout_basic, columned_hall_lemuel
D:3:      layout_loops_ring, nicolae_ru_path_of_blood, basic_ecumenical_altar,
          serial_shops, shop, minmay_misc_feat_cross
D:6:      layout_basic, serial_shops, shop_coins, kennysheep_dice

Skill      XL: |  1  2  3  4 |
---------------+-------------+-----
Spellcasting   | 3 |  3.7
Fighting       | 1 |  1.4
Armour         | 1 |  1.1
Stealth        | 2 |  2.1
Short Blades   | |  0.9
Maces & Flails | |  0.7
Dodging        | |  2.9
Invocations    | |  0.6

Action                     |  1- 3 |  4- 6 || total
---------------------------+-------+-------++-------
  Melee: Unarmed           |     1 |       ||     1
         Dagger            |     9 |       ||     9
         Whip              |     1 |    40 ||    41
   Cast: Foxfire           |    10 |     2 ||    12
         Scorch            |    22 |    20 ||    42
         Sandblast         |     2 |       ||     2
 Invoke: Sacrifice Experie |       |     1 ||     1
    Use: Scroll            |     3 |    10 ||    13
         Potion            |       |     2 ||     2
   Stab: Sleeping          |     1 |     2 ||     3
 Armour: Robe              |     2 |     7 ||     9
         Skin              |       |    71 ||    71
  Dodge: Dodged            |    12 |    35 ||    47
